 Dungeon Crawl Stone Soup version 0.31-a0-303-gdc8c9485ea (webtiles) character file.

Game seed: 3906408222464887188

17258 themarg the Mimic (level 12, -2/135 HPs)
             Began as a Yellow Draconian Shapeshifter on July 17, 2023.
             Was an Elder of Hepliaklqana.
             Slain by a skeletal warrior
             ... wielding a +0 mace
              (4 damage)
             ... on level 11 of the Dungeon.
             The game lasted 00:31:45 (11236 turns).

themarg the Mimic (Yellow Draconian Shapeshifter)  Turns: 11236, Time: 00:31:46

Health: -2/135     AC: 26    Str: 23    XL:     12   Next: 17%
Magic:  17/18      EV:  2    Int:  8    God:    Hepliaklqana [****..]
Gold:   889        SH:  0    Dex: 12    Spells: 11/11 levels left

rFire   . .          .
                       - Unarmed
rCold   . . .        (no shield)
rNeg    . . .        (body armour unavailable)
rPois   +            (helmet currently unavailable)
rElec   .            F - melded +0 cloak
rCorr   .            V - melded +0 pair of gloves
SInv    .            L - melded +0 pair of boots
Will    +....        j - amulet of the acrobat
Stlth   ++           g - ring of willpower
HPRegen 0.42/turn    G - +5 ring of evasion
MPRegen 0.16/turn

%: acrobat
@: tree-form
A: stationary, stasis, torment immunity, boosted hp, reduced essence, (spit
acid), AC +8, unfitting armour, (cold-blooded), (acid resistance)
a: Renounce Religion, Recall Ancestor, Ancestor Identity, Transference, Idealise


You were on level 11 of the Dungeon.
You worshipped Hepliaklqana.
Hepliaklqana was greatly pleased with you.
You were a tree.
You visited 1 branch of the dungeon, and saw 11 of its levels.
You also visited: Bailey.

You collected 889 gold pieces.

Inventory:

Hand Weapons
 a - a +3 dagger of draining
Missiles
 c - 180 stones
 m - 44 poisoned darts (quivered)
 q - 5 boomerangs
 y - 10 javelins
 z - a throwing net
 H - 6 boomerangs of dispersal
 N - 4 silver boomerangs
Armour
 F - a +0 cloak (melded)
 L - a +0 pair of boots (melded)
 V - a +0 pair of gloves (melded)
 W - a +0 cloak of preservation
Jewellery
 e - a ring of ice
 g - a ring of willpower (left branch)
 j - an amulet of the acrobat (around neck)
 t - the ring "Conis" {Wiz Int+4}
   (You took it off a hobgoblin on level 3 of the Dungeon)

   [ring of wizardry]

   It improves your spell success rate.
   Int:       It affects your intelligence (+4).
 G - a +5 ring of evasion (right branch)
 J - an amulet of faith
Talismans
 b - a beast talisman
 h - a granite talisman
 A - a maw talisman
Wands
 u - a wand of acid (6)
 C - a wand of iceblast (13)
 M - a wand of flame (9)
 P - a wand of mindburst (9)
 U - a wand of paralysis (10)
Scrolls
 d - a scroll of enchant weapon {unknown}
 i - a scroll of vulnerability {unknown}
 k - 2 scrolls of poison {unknown}
 o - 2 scrolls of amnesia {unknown}
 r - 2 scrolls of fog {unknown}
 s - 3 scrolls of teleportation
 x - 5 scrolls of immolation {unknown}
 D - a scroll of torment {unknown}
 I - a scroll of enchant armour {unknown}
 K - a scroll of blinking {unknown}
 O - a scroll of revelation {unknown}
 Q - a scroll of silence {unknown}
 S - 4 scrolls of fear
 X - 2 scrolls of identify
Potions
 f - a potion of brilliance {unknown}
 l - a potion of resistance {unknown}
 n - 2 potions of attraction
 p - 3 potions of curing
 v - 3 potions of mutation
 w - 2 potions of ambrosia {unknown}
 B - a potion of haste {unknown}
 E - a potion of berserk rage {unknown}
 R - a potion of lignification
 T - a potion of cancellation {unknown}
 Y - a potion of invisibility {unknown}


   Skills:
 + Level 8.1 Fighting
 - Level 1.0 Throwing
 - Level 5.0 Dodging
 - Level 3.0 Stealth
 - Level 10.0 Unarmed Combat
 + Level 8.0 Invocations
 - Level 2.0 Evocations
 - Level 11.7 Shapeshifting


You had 11 spell levels left.
You didn't know any spells.
Your spell library contained the following spells:

 Spells                   Type           Power      Damage    Failure   Level
 Foxfire                  Conj/Fire      0%         2x1d4     41%         1
 Freeze                   Ice            0%         1d3       41%         1
 Shock                    Conj/Air       0%         1d3       41%         1
 Sting                    Tmut/Pois      0%         1d3       41%         1
 Poisonous Vapours        Pois/Air       0%         N/A       54%         2
 Dazzling Flash           Conj/Hex       0%         N/A       78%         3
 Frozen Ramparts          Ice            0%         1d1       78%         3
 Hailstorm                Conj/Ice       0%         3d3       78%         3
 Ozocubu's Armour         Ice            0%         N/A       78%         3
 Portal Projectile        Hex/Tloc       0%         N/A       78%         3
 Tukima's Dance           Hex            0%         N/A       78%         3
 Volatile Blastmotes      Fire/Tloc      0%         2d10      78%         3
 Fulminant Prism          Conj/Hex       0%         3d5       99%         4
 Iskenderun's Mystic Bla  Conj/Tloc      0%         2d3       99%         4
 Olgreb's Toxic Radiance  Pois           0%         N/A       99%         4
 Agony                    Necr           0%         N/A       100%        5
 Silence                  Hex/Air        0%         N/A       100%        5
 Ozocubu's Refrigeration  Ice            0%         4d7       100%        7
 Chain Lightning          Conj/Air       0%         N/A       100%        9
 Fire Storm               Conj/Fire      0%         5d1       100%        9
 Shatter                  Erth           0%         3d5*      100%        9


Dungeon Overview and Level Annotations

Branches:
Dungeon (11/15)            Temple (0/1) D:7             Orc (0/2) D:10
 Bailey (visited)
   Lair: D:8-11

Altars:
Dithmenos
Fedhas
Gozag
Hepliaklqana
Kikubaaqudgha
Makhleb
Okawaru
Qazlal
Sif Muna
Xom

Shops:
D:1 [   D:7 (   D:9 :   D:10 *


Innate Abilities, Weirdness & Mutations

You are a tree.
Your roots penetrate the ground, keeping you stationary.
You cannot be teleported.
You are immune to unholy pain and torment.
Your maximum health is greatly increased.
Your equipment is partially melded.
Your life essence is reduced to manifest your ancestor. (-10% HP)
((You can spit globs of acid.))
((Your golden yellow scales are hard. (AC +8)))
You cannot fit into any form of body armour.
((You are cold-blooded and may be slowed by cold attacks.))
((You are resistant to acid. (rCorr)))


Message History

You punch the skeletal warrior!
You destroy the skeletal warrior!
Okay, then.
Really quaff the potion of lignification?
Your transformation has ended.
You turn into a tree.
Your +0 cloak melds into your body.
Your +0 pair of gloves melds into your body.
Your +0 pair of boots melds into your body.
Your roots penetrate the ground.
The skeletal warrior barely misses you.
You pummel the skeletal warrior!!
The skeletal warrior is severely damaged.
You barely miss the skeletal warrior.
The skeletal warrior is severely damaged.
The skeletal warrior hits you with a +0 hand axe!
* * * LOW HITPOINT WARNING * * *
You pummel the skeletal warrior!!
You destroy the skeletal warrior!
Your Fighting skill increases to level 8!
Your Invocations skill increases to level 8!
You hit the skeletal warrior.
The skeletal warrior is lightly damaged.
The skeletal warrior hits you but does no damage.
You hit the skeletal warrior but do no damage.
The skeletal warrior is lightly damaged.
The skeletal warrior hits you with a +0 mace!
* * * LOW HITPOINT WARNING * * *
Aiming: Corrosive Bolt
Press: ? - help, Shift-Dir - straight line, f - skeletal warrior
Aim: a skeletal warrior, wielding a +0 mace (lightly damaged, 71% to hit)
The bolt of acid hits the skeletal warrior but does no damage.
The skeletal warrior is lightly damaged.
The skeletal warrior hits you with a +0 mace!
* * * LOW HITPOINT WARNING * * *
Okay, then.
Aiming: Paralyse
Press: ? - help, Shift-Dir - straight line, f/p - skeletal warrior
Aim: a skeletal warrior, wielding a +0 mace (lightly damaged, chance to affect: 3%)
The skeletal warrior resists with almost no effort.
The skeletal warrior hits you with a +0 mace.
You die...

...### #.#..
#####.#.#####
...#.#.....# .
#.#.......###
....##.....#.....#
..$...)........#.#
.....#####.#.#.#z#
...# #.....#♣### ..
.......#...#### .
##.#.....#....##...
#.....#.#.........
#.#...#.##...##..
#........R#########
#........###.......
....#.##...........
#...#.#####........


You could see a skeletal warrior.

Vanquished Creatures
  2 two-headed ogres (D:10)
  3 skeletal warriors (D:11)
  Pikel (D:5)
  Joseph (D:10)
  A kobold demonologist (D:11)
  A troll (D:10)
  Grinder (D:3)
  Sigmund (D:5)
  A shadow (D:10)
  A wyvern (D:10)
  8 yaks
  An acid dragon (D:8)
  8 orc warriors
  An ice beast (D:3)
  A black bear (D:6)
  A sky beast (D:8)
  2 centaurs (D:6)
  2 lemures (D:5)
  A kobold brigand (D:10)
  7 bullfrogs
  A scorpion (D:5)
  2 gnoll sergeants
  A wight (D:9)
  A killer bee (D:10)
  A howler monkey (D:5)
  7 hounds
  A jelly (D:7)
  2 gnoll boudas
  2 orc priests (D:4)
  3 iguanas
  5 orc wizards
  2 sleepcaps
  Robin (D:2)
  5 gnolls
  4 adders
  2 ufetubi
  2 worms
  5 dart slugs
  23 orcs
  2 ball pythons
  7 endoplasms
  3 giant cockroaches
  8 hobgoblins
  3 quokkas (D:4)
  6 bats
  4 frilled lizards
  13 goblins
  14 kobolds
  4 rats
  A spectral goblin (D:2)
180 creatures vanquished.

Vanquished Creatures (collateral kills)
  Urug (D:10)
  A skeletal warrior (D:11)
  Maurice (D:10)
  A cane toad (shapeshifter) (D:9)
  2 trolls (D:10)
  2 dream sheep (D:9)
  A vampire (D:8)
  3 yaks
  6 orc warriors
  2 black bears (D:6)
  An ogre (D:5)
  2 kobold brigands
  A bullfrog (D:6)
  A scorpion (D:6)
  2 wights (D:9)
  2 howler monkeys (D:10)
  2 hounds
  A gnoll bouda (D:9)
  3 orc priests
  A jelly (D:6)
  2 iguanas
  5 orc wizards
  6 gnolls
  An adder (D:6)
  2 white imps
  4 orcs
  2 goblins (D:7)
  4 kobolds
62 creatures vanquished.

Vanquished Creatures (others)
  3 battlemagi
  An ancestor (D:5)
4 creatures vanquished.

Grand Total: 246 creatures vanquished

Notes
Turn   | Place    | Note
-------+----------+-------------------------------------------
     0 | D:1      | themarg the Draconian Shapeshifter began the quest for the
                  | Orb.
     0 | D:1      | Reached XP level 1. HP: 17/17 MP: 1/1
   132 | D:1      | Found Kahiecif's Armour Shop.
   324 | D:1      | Reached XP level 2. HP: 4/25 MP: 2/2
   673 | D:2      | Reached XP level 3. HP: 27/31 MP: 3/3
   801 | D:2      | Reached XP level 4. HP: 38/38 MP: 4/4
   847 | D:2      | Noticed Robin
   864 | D:2      | Killed Robin
  1112 | D:2      | Found a faded altar of an unknown god.
  1475 | D:3      | Noticed an ice beast
  1831 | D:3      | Found a burning altar of Makhleb.
  1851 | D:3      | Reached skill level 4 in Shapeshifting
  1851 | D:3      | Reached XP level 5. HP: 30/45 MP: 5/5
  2024 | D:3      | Identified the ring "Conis" {Wiz Int+4}
  2181 | D:3      | Killed an ice beast
  2182 | D:3      | Reached skill level 1 in Throwing
  2182 | D:3      | Reached skill level 1 in Stealth
  2182 | D:3      | Reached XP level 6. HP: 20/51 MP: 6/6
  2355 | D:3      | Noticed Grinder
  2365 | D:3      | Paralysed by Grinder for 4 turns
  2369 | D:3      | Killed Grinder
  2667 | D:3      | Noticed a shadow
  2668 | D:3      | Found a shadowy altar of Dithmenos.
  2671 | D:3      | Found a hazy altar of Hepliaklqana.
  2677 | D:3      | Became a worshipper of Hepliaklqana the Forgotten
  3013 | D:4      | Your scales start taking on a golden yellow colour.
  3013 | D:4      | Reached XP level 7. HP: 50/57 MP: 7/7
  3013 | D:4      | Gained mutation: You are resistant to acid. (rCorr) [Yellow
                  | Draconian growth]
  3103 | D:4      | Found an opulent altar of Gozag.
  3241 | D:4      | Reached skill level 5 in Unarmed Combat
  3241 | D:4      | Reached skill level 5 in Shapeshifting
  3258 | D:4      | Got Saeblaq's Tutorial on Wizarding
  3532 | D:4      | Found an ancient bone altar of Kikubaaqudgha.
  3532 | D:4      | Reached * piety under Hepliaklqana
  3533 | D:4      | Found an iron altar of Okawaru.
  3733 | D:5      | Entered Level 5 of the Dungeon
  3969 | D:5      | Noticed Pikel
  3991 | D:5      | Killed Pikel
  3992 | D:5      | Reached XP level 8. HP: 26/60 MP: 8/8
  4305 | D:5      | Reached skill level 5 in Fighting
  4482 | D:5      | Reached skill level 6 in Shapeshifting
  4553 | D:5      | Found a shimmering blue altar of Sif Muna.
  4743 | D:5      | Noticed Sigmund
  4753 | D:5      | Killed Sigmund
  4915 | D:6      | Found a stormy altar of Qazlal.
  4940 | D:6      | Reached ** piety under Hepliaklqana
  4951 | D:6      | Remembered your ancestor Sponge as a battlemage
  5014 | D:6      | Reached skill level 5 in Dodging
  5067 | D:6      | Found a shimmering altar of Xom.
  5111 | D:6      | Reached XP level 9. HP: 64/66 MP: 9/9
  5147 | D:6      | Reached skill level 7 in Shapeshifting
  5159 | D:6      | Found a blossoming altar of Fedhas.
  5827 | D:7      | Found Isyehioll's Weapon Emporium.
  5863 | D:7      | Reached *** piety under Hepliaklqana
  5866 | D:7      | Found a flagged portal.
  5877 | Bailey   | Entered a bailey
  5976 | Bailey   | Reached skill level 8 in Shapeshifting
  6230 | Bailey   | Reached skill level 1 in Invocations
  6466 | Bailey   | Noticed an orc knight
  6466 | Bailey   | Noticed an orc knight
  6663 | D:7      | Found a staircase to the Ecumenical Temple.
  7051 | D:8      | Reached XP level 10. HP: 19/72 MP: 13/13
  7051 | D:8      | Reached skill level 11 in Shapeshifting
  7051 | D:8      | Reached XP level 11. HP: 22/77 MP: 14/14
  7334 | D:8      | Reached skill level 5 in Invocations
  7475 | D:8      | Reached **** piety under Hepliaklqana
  8237 | D:9      | Found Yngoemm's Book Boutique.
  8969 | D:10     | Entered Level 10 of the Dungeon
  8973 | D:10     | Found Saogir's Overcharged Wands.
  9064 | D:10     | Found a staircase to the Orcish Mines.
  9336 | D:10     | Noticed Maurice
  9344 | D:10     | Killed Maurice
  9398 | D:10     | Noticed Joseph
  9405 | D:10     | Paralysed by Joseph for 3 turns
  9410 | D:10     | Killed Joseph
  9411 | D:10     | Reached skill level 10 in Unarmed Combat
  9509 | D:10     | Noticed Urug
  9551 | D:10     | Noticed a two-headed ogre
  9559 | D:10     | Noticed a two-headed ogre
  9682 | D:10     | Killed a two-headed ogre
  9960 | D:10     | Killed a two-headed ogre
 10402 | D:10     | Killed Urug
 10872 | D:10     | Found Saogir's Overcharged Wands.
 10951 | D:10     | Found a staircase to the Orcish Mines.
 11190 | D:11     | Noticed a skeletal warrior
 11194 | D:11     | Noticed a skeletal warrior
 11197 | D:11     | Noticed a skeletal warrior
 11197 | D:11     | Noticed a skeletal warrior
 11198 | D:11     | Noticed a skeletal warrior
 11198 | D:11     | Killed a skeletal warrior
 11199 | D:11     | Reached XP level 12. HP: 69/90 MP: 17/17
 11235 | D:11     | HP: 2/135 [skeletal warrior/+0 mace (8)]
 11236 | D:11     | Slain by a skeletal warrior

Illustrated notes

Levels and vault maps discovered:
D:1:      minmay_arrival_shattered_statue, layout_rooms, serial_shops, shop,
          minmay_pentomino_x2
D:2:      layout_basic, dreamdust_ecumenical_altar_drowned_temple,
          grunt_ministairs_1, uniq_robin
D:3:      layout_loops_corners, riverfiend_overflow_shadow_ancestor,
          bloody_makhleb, uniq_grinder
D:4:      layout_basic, lemuel_round_altar, nicolae_overflow_squiral,
          minivault_14
D:5:      layout_cave_pods, marbit_many_paths, roderic_malta_cross,
          minmay_crystal_room, kennysheep_small_circle, uniq_pikel, uniq_sigmund
D:6:      layout_basic, grunt_temple_overflow_forces_of_nature,
          lemuel_round_altar
D:7:      layout_rooms, minmay_temple_entry_sparse_star, enter_bailey_3,
          serial_shops, shop_statue, interstate_on_off
D:8:      layout_loops_corners, supply_closet_lemuel, grunt_decor_fettered,
          dk_rats_in_the_wall
D:9:      layout_loops_ring, serial_shops, shop_fountains,
          dreamdust_gnoll_shepherd
D:10:     minmay_recursive_quarters, layout_cave_pods, orc_0_dummy,
          nicolae_shop_overcharged_wands, uniq_urug, uniq_maurice, uniq_joseph
D:11:     layout_basic, lair_entry_dummy, minivault_16,
          nicolae_shop_dragon_depot, corexii_corridor_pit

Skill      XL: |  1  2  3  4  5  6  7  8  9 10 11 12 |
---------------+-------------------------------------+-----
Fighting       | 3 4 5 7 8 |  8.1
Unarmed Combat | 3 4 5 6 10 | 10.0
Shapeshifting  | 4 5 6 8 11 | 11.7
Throwing       | 1 |  1.0
Stealth        | 1 2 3 |  3.0
Dodging        | 3 5 |  5.0
Evocations     | 2 |  2.0
Invocations    | 4 7 8 |  8.0

Action                     |  1- 3 |  4- 6 |  7- 9 | 10-12 || total
---------------------------+-------+-------+-------+-------++-------
  Melee: Unarmed           |    49 |   183 |   227 |   176 ||   635
         Tailslap          |     7 |    20 |    37 |    27 ||    91
         Punch             |     1 |     2 |     6 |     7 ||    16
         Maw               |       |       |     2 |    50 ||    52
  Throw: Dart              |       |     8 |       |       ||     8
 Invoke: Ancestor Identity |       |       |     2 |       ||     2
         Recall Ancestor   |       |       |     2 |       ||     2
         Ancestor Life: Ba |       |       |     1 |       ||     1
         Idealise          |       |       |       |     3 ||     3
Ability: Breathe Acid      |       |       |     5 |     2 ||     7
  Evoke: Wand              |       |       |     3 |     6 ||     9
    Use: Potion            |     1 |       |     1 |     2 ||     4
         Scroll            |       |     3 |     2 |     2 ||     7
   Stab: Sleeping          |       |       |     7 |     1 ||     8
         Distracted        |       |       |     1 |     2 ||     3
 Armour: Skin              |     8 |    43 |    60 |    23 ||   134
  Dodge: Dodged            |    17 |    90 |   187 |   146 ||   440
         Form:             |       |       |     1 |     1 ||     2
         Maw               |       |       |     1 |     1 ||     2

Table legend: (Time is in decaauts)
 A = Elapsed time spent in this place.
 B = Non-inter-level travel time spent in this place.
 C = Inter-level travel time spent in this place.
 D = Time resting spent in this place.
 E = Time spent auto-exploring this place.
 F = Levels seen in this place.
 G = Mean time per level.
                   A        B        C        D        E       F      G
               +--------+--------+--------+--------+--------+-----+--------+
         Total |  11186 |  10924 |    262 |    574 |   8527 |  12 |  932.2 |
       Dungeon |  10599 |  10337 |    262 |    254 |   8388 |  11 |  963.5 |
        Bailey |    586 |    586 |      0 |    320 |    139 |   1 |  586.0 |
               +--------+--------+--------+--------+--------+-----+--------+

Top non-repeatable levels by time:
    D:10: 2019 daAuts
     D:3: 1348 daAuts
     D:8: 1105 daAuts
     D:5: 1071 daAuts
     D:4: 996 daAuts
     D:2: 873 daAuts
     D:9: 872 daAuts
     D:6: 776 daAuts
     D:7: 747 daAuts
     D:1: 614 daAuts
  Bailey: 586 daAuts
    D:11: 175 daAuts
